 Dungeon Crawl Stone Soup version 0.24-a0-487-g57318f2ed0 (webtiles) character file.

Game seed: 8561423802487808749

2426 Bikalo the Slicer (level 9, -5/57 HPs)
             Began as a Kobold Berserker on July 11, 2019.
             Was an Elder of Trog.
             Splashed by a jelly's acid (9 damage)
             ... on level 6 of the Dungeon.
             The game lasted 00:12:38 (5936 turns).

Bikalo the Slicer (Kobold Berserker)                Turns: 5936, Time: 00:12:39

Health: -5/57      AC: -7    Str: 15    XL:     9   Next: 77%
Magic:  9/9        EV: 20    Int:  8    God:    Trog [****..]
Gold:   297        SH:  0    Dex: 17    Spells: 8/8 levels left

rFire    . . .     SeeInvis .   v - +1 short sword (elec)
rCold    . . .     Gourm    +   (shield restricted)
rNeg     . . .     Faith    .   b - +0 animal skin
rPois    .         Spirit   .   m - +0 helmet
rElec    .         Reflect  .   (no cloak)
rCorr    .         Harm     .   (no gloves)
MR       .....                  h - +0 pair of boots
Stlth    ++........             n - amulet of the gourmand
HPRegen  0.19/turn              j - +4 ring of slaying
MPRegen  0.11/turn              (no ring)

@: lethally poisoned (-5 -> -6), corroded, flying
A: small, carnivore
a: Berserk, Trog's Hand, Brothers in Arms, Renounce Religion


You were on level 6 of the Dungeon.
You worshipped Trog.
Trog was greatly pleased with you.
You were full.

You visited 1 branch of the dungeon, and saw 6 of its levels.

You collected 297 gold pieces.

Inventory:

Hand Weapons
 a - a +0 short sword
 f - a +1 dagger of speed
 v - a +1 short sword of electrocution (weapon)
Missiles
 A - 2 datura-tipped darts (quivered)
Armour
 b - a +0 animal skin (worn)
 h - a +0 pair of boots (worn)
 m - a +0 helmet (worn)
 D - a +2 robe of the Archmagi
Jewellery
 j - a +4 ring of slaying (left hand)
 n - an amulet of the gourmand (around neck)
Wands
 z - a wand of digging (6)
 E - a wand of acid (9)
Scrolls
 d - 5 scrolls of teleportation {unknown}
 e - a scroll of amnesia {unknown}
 g - 2 scrolls of random uselessness {unknown}
 i - 5 scrolls of remove curse {unknown}
 o - a scroll of blinking {unknown}
 q - 5 scrolls of identify {unknown}
 r - a scroll of immolation {unknown}
 u - 3 scrolls of fog {unknown}
 w - 3 scrolls of magic mapping {unknown}
 y - a scroll of fear {unknown}
 B - a scroll of enchant armour {unknown}
Potions
 k - a potion of flight
 l - a potion of lignification {unknown}
 p - a potion of invisibility {unknown}
 s - 2 potions of brilliance {unknown}
 t - a potion of agility {unknown}
 x - a potion of degeneration {unknown}
 C - a potion of curing {unknown}
Comestibles
 c - 8 rations


   Skills:
 + Level 7.5 Fighting
 * Level 11.8 Short Blades
 - Level 2.0 Armour
 + Level 7.8 Dodging


You had 8 spell levels left.
You didn't know any spells.
Your spell library was empty.

Dungeon Overview and Level Annotations

Branches:
Dungeon (6/15)             Temple (0/1) D:4

Altars:
Gozag
Hepliaklqana
Okawaru
Ru
Uskayaw


Innate Abilities, Weirdness & Mutations

You are small and have problems with some larger weapons.
You are carnivorous and can eat meat at any time.


Message History

You hit the jelly. The acid corrodes you!
Your hands burn!
The jelly is severely wounded.
You feel sick.
You hit the jelly but do no damage. The acid corrodes you!
Your hands burn!
The jelly is severely wounded.
The jelly closely misses you.
You hit the jelly. The acid corrodes you!
Your hands burn!
The jelly is almost dead.
You hit the jelly but do no damage. The acid corrodes you!
Your hands burn!
The jelly is almost dead.
The jelly hits you.
* * * LOW HITPOINT WARNING * * *
You are splashed with acid!
* * * LOW HITPOINT WARNING * * *
It was a potion of flight.
You feel very buoyant.
You fly up into the air.
The phantom blinks!
The jelly hits you.
* * * LOW HITPOINT WARNING * * *
You are splashed with acid!
You die...

#.##.# #..#.#
##.#.#
######.#(#
#........#
#........#
#........#
#........#
########@#
#####J####
#....l...#
#...........#
#...........#
#..ยง..........#
..........$...#
###............
#............


You could see an iguana and a jelly.

Vanquished Creatures
  A two-headed ogre (D:6)
  Pikel (D:6)
  An ice beast (D:5)
  3 ogres
  2 centaurs (D:6)
  A gnoll sergeant (D:6)
  A bullfrog (D:6)
  2 scorpions
  A crimson imp (D:5)
  A centaur zombie (D:6)
  A bullfrog skeleton (D:5)
  2 orc wizards (D:4)
  3 worker ants (D:5)
  Robin (D:2)
  9 adders
  4 gnolls (D:6)
  2 oozes
  An adder skeleton (D:4)
  2 worms (D:4)
  A dart slug (D:1)
  5 leopard geckos
  18 orcs
  3 giant cockroaches
  12 goblins
  13 hobgoblins
  3 quokkas
  3 ball pythons
  8 bats
  6 frilled lizards
  9 kobolds
  A leopard gecko skeleton (D:6)
  12 rats
133 creatures vanquished.

Vanquished Creatures (collateral kills)
  The ghost of CandyEater the Digger, a novice GrEE (D:5)
  A crimson imp (D:5)
2 creatures vanquished.

Vanquished Creatures (others)
  A slave (D:6)
  A bullfrog (D:6)
  A gnoll (D:6)
  An orc (D:6)
  A quokka zombie (D:6)
5 creatures vanquished.

Grand Total: 140 creatures vanquished

Notes
Turn   | Place    | Note
-------+----------+-------------------------------------------
     0 | D:1      | Bikalo the Kobold Berserker began the quest for the Orb.
     0 | D:1      | Reached XP level 1. HP: 14/14 MP: 1/1
    90 | D:1      | Reached XP level 2. HP: 10/19 MP: 2/2
   869 | D:1      | Reached XP level 3. HP: 18/23 MP: 3/3
  1584 | D:2      | Reached ** piety under Trog
  1655 | D:2      | Found an iron altar of Okawaru.
  1695 | D:2      | Noticed Robin
  1717 | D:2      | Reached skill level 5 in Short Blades
  1718 | D:2      | Reached XP level 4. HP: 29/29 MP: 4/4
  1776 | D:2      | Killed Robin
  2587 | D:3      | Reached XP level 5. HP: 30/33 MP: 5/5
  2827 | D:3      | Reached *** piety under Trog
  3227 | D:3      | Found a hide-covered altar of Uskayaw.
  3231 | D:3      | Found a hazy altar of Hepliaklqana.
  3359 | D:4      | Reached skill level 6 in Short Blades
  3395 | D:4      | Noticed an ogre
  3405 | D:4      | Killed an ogre
  3405 | D:4      | Reached XP level 6. HP: 35/39 MP: 6/6
  3452 | D:4      | Found a sacrificial altar of Ru.
  3599 | D:4      | Found a staircase to the Ecumenical Temple.
  3710 | D:4      | Reached skill level 7 in Short Blades
  4086 | D:5      | Entered Level 5 of the Dungeon
  4182 | D:5      | Noticed an ogre
  4188 | D:5      | Killed an ogre
  4188 | D:5      | Reached skill level 5 in Fighting
  4188 | D:5      | Reached XP level 7. HP: 44/44 MP: 7/7
  4273 | D:5      | Reached **** piety under Trog
  4273 | D:5      | Reached skill level 8 in Short Blades
  4273 | D:5      | Reached skill level 5 in Dodging
  4582 | D:5      | Found a runed translucent gate.
  4582 | D:5      | Found a runed translucent gate.
  4583 | D:5      | Found a runed translucent gate.
  4583 | D:5      | Found an opulent altar of Gozag.
  4584 | D:5      | Noticed CandyEater's ghost (novice GrEE)
  4597 | D:5      | Killed CandyEater's ghost
  4597 | D:5      | Reached XP level 8. HP: 50/50 MP: 8/8
  4755 | D:5      | Received a gift from Trog
  4755 | D:5      | Reached skill level 9 in Short Blades
  5080 | D:6      | Noticed Pikel
  5093 | D:6      | Killed Pikel
  5093 | D:6      | Reached skill level 10 in Short Blades
  5675 | D:6      | Reached XP level 9. HP: 56/56 MP: 9/9
  5708 | D:6      | Noticed a two-headed ogre
  5718 | D:6      | Killed a two-headed ogre
  5718 | D:6      | Reached skill level 11 in Short Blades
  5936 | D:6      | Splashed by a jelly's acid

Levels and vault maps discovered:
D:1:      minmay_arrival_split_and_join, layout_loops_ring
D:2:      layout_basic, okawaru_metal_pillars_1_2, nrook_mini_vaults, uniq_robin
D:3:      layout_loops_ring, minitemple, first_ration, hangedman_feature_mirror,
          uniq_crazy_yiuf_cottage, uniq_jessica
D:4:      minmay_skewed_foursquare, layout_basic, nicolae_ru_awakened_eye,
          minmay_temple_entry_enclosed_plants
D:5:      layout_layer_cave, ebering_ghost_gozag
D:6:      layout_basic, vehumet_altar_wand_db, uniq_sigmund, uniq_pikel

Skill      XL: |  1  2  3  4  5  6  7  8  9 |
---------------+----------------------------+-----
Dodging        | 3 4 5 6 7 |  7.8
Armour         | 2 |  2.0
Short Blades   | 5 6 7 8 10 11 | 11.8
Fighting       | 4 5 6 7 |  7.5

Action                   |  1- 3 |  4- 6 |  7- 9 || total
-------------------------+-------+-------+-------++-------
Melee: Short sword       |    87 |    53 |    91 ||   231
       Dagger            |    61 |   120 |       ||   181
Invok: Berserk           |     1 |     1 |     3 ||     5
       Brothers in Arms  |       |       |     1 ||     1
  Use: Potion            |       |       |     1 ||     1
 Stab: Sleeping          |       |     3 |     1 ||     4
  Eat: Chunk             |     4 |    15 |     7 ||    26
Armor: Animal skin       |    21 |    28 |    13 ||    62
Dodge: Dodged            |   107 |   132 |    75 ||   314

Table legend:
 A = Non-vault XP
 B = Vault XP
 C = Vault XP percentage of total XP
 D = Non-vault monster count
 E = Vault monster count
 F = Vault count percentage of total count
                 A         B        C        D         E       F
            +---------+---------+-------+---------+---------+-------
      Total |    2493 |     973 |  28.1 |     114 |      20 |  14.9
            +---------+---------+-------+---------+---------+-------
        D:1 |      38 |       0 |   0.0 |      23 |       0 |   0.0
        D:2 |      52 |      37 |  41.6 |      18 |      13 |  41.9
        D:3 |      75 |       0 |   0.0 |      23 |       0 |   0.0
        D:4 |     244 |      11 |   4.3 |      19 |       3 |  13.6
        D:5 |     511 |     252 |  33.0 |      15 |       3 |  16.7
        D:6 |    1573 |     673 |  30.0 |      16 |       1 |   5.9
            +---------+---------+-------+---------+---------+-------
